 Dungeon Crawl Stone Soup version 0.26-a0-812-g31a745ddcd (webtiles) character file.

Game seed: 11868423814919288074

2791 kae the Transmogrifier (level 9, -15/47 HPs)
             Began as a Tengu Transmuter on Nov 18, 2020.
             Demolished by a white ugly thing (24 damage)
             ... on level 8 of the Dungeon.
             The game lasted 00:07:41 (13239 turns).

kae the Transmogrifier (Tengu Transmuter)          Turns: 13239, Time: 00:07:41

Health: -15/47     AC:  3    Str: 13    XL:     9   Next: 71%
Magic:  14/14      EV: 14    Int: 14    God:
Gold:   352        SH:  0    Dex: 17    Spells: 5/14 levels left

rFire    . . .     SeeInvis .     - Unarmed
rCold    . . .     Faith    .   (no shield)
rNeg     . . .     Spirit   .   a - +1 robe
rPois    .         Reflect  .   (helmet restricted)
rElec    .         Harm     .   (no cloak)
rCorr    .         Rampage  .   (no gloves)
MR       .....                  (boots unavailable)
Stlth    ++........             (no amulet)
HPRegen  0.00/turn              (no ring)
MPRegen  0.14/turn              (no ring)

@: flying quickly and evasively, drained, quick
A: beak, talons 3, agile 1, inhibited regeneration, able to fly
a: Stop Flying


You were on level 8 of the Dungeon.
You visited 2 branches of the dungeon, and saw 9 of its levels.

You collected 590 gold pieces.
You spent 238 gold pieces at shops.

Inventory:

Armour
 a - a +1 robe (worn)
 y - a +0 cloak
Jewellery
 f - an uncursed amulet of faith
 j - an uncursed amulet of guardian spirit {unknown}
 r - a cursed ring of teleportation {unknown}
 x - an uncursed ring of see invisible {unknown}
Wands
 o - a wand of paralysis (7)
 q - a wand of polymorph (7)
 v - a wand of digging (9)
Scrolls
 b - 7 scrolls of identify
 c - 3 scrolls of amnesia
 d - 2 scrolls of teleportation {unknown}
 e - 5 scrolls of enchant armour
 g - 3 scrolls of remove curse
 h - a scroll of fog
 i - 2 scrolls of fear {unknown}
 k - 2 scrolls of enchant weapon
 t - a scroll of immolation {unknown}
Potions
 l - 3 potions of curing
 m - 3 potions of mutation
 n - a potion of heal wounds
 p - a potion of lignification {unknown}
 s - 2 potions of brilliance
 u - a potion of flight {unknown}
 w - a potion of cancellation {unknown}


   Skills:
 - Level 1.0(0.1) Fighting
 - Level 2.1(1.3) Dodging
 + Level 8.7(7.7) Unarmed Combat
 - Level 3.0(2.1) Spellcasting
 * Level 9.0(8.0) Transmutations


You had 5 spell levels left.
You knew the following spells:

 Your Spells              Type           Power        Failure   Level
a - Beastly Appendage     Tmut           ###...       1%          1
b - Spider Form           Tmut/Pois      ##........   14%         3
c - Blade Hands           Tmut           ###.......   24%         5

Your spell library contained the following spells:

 Spells                   Type           Power        Failure   Level
 Wereblood                Tmut           ###.....     1%          2
 Ice Form                 Ice/Tmut       ##......     41%         4
 Petrify                  Tmut/Erth      ##......     41%         4
 Confusing Touch          Hex            #.......     56%         3
 Gell's Gravitas          Tloc           #.........   56%         3
 Yara's Violent Unravell  Hex/Tmut       ##........   77%         5
 Metabolic Englaciation   Hex/Ice        #.........   100%        5


Dungeon Overview and Level Annotations

Branches:
Dungeon (8/15)             Temple (1/1) D:5
   Lair: D:8-11

Altars:
Ashenzari
Cheibriados
Dithmenos
Elyvilon
Fedhas
Gozag
Hepliaklqana
Kikubaaqudgha
Makhleb
Nemelex Xobeh
Okawaru
Qazlal
Ru
Sif Muna
Trog
Uskayaw
Vehumet
Wu Jian
Xom
Yredelemnul
Zin
The Shining One

Shops:
D:4 !   D:5 =

Annotations:
D:4 exclusions: orc and 2 orc wizards
D:6 1 runed translucent door, Sigmund; kae's ghost, novice TeTm
D:8 exclusion: oklob plant


Innate Abilities, Weirdness & Mutations

You have a beak for a mouth.
You have claws for feet.
You can fly continuously.
You are agile. (Dex +2)
You do not regenerate when monsters are visible.


Message History

Your transformation is almost over.
The kobold misses you.
You hit the kobold.
The kobold is poisoned.
The kobold is severely wounded.
The kobold barely misses you.
You feel sick.
You kill the kobold!
You feel sick.
Your transformation has ended.
Your +1 robe unmelds from your body.
You feel sick.
You feel sick.
You are no longer poisoned.
You see here an arrow.
The white ugly thing gurgles horribly!
A killer bee zombie comes into view.
The white ugly thing bites you!
* * * LOW HITPOINT WARNING * * *
The white ugly thing freezes you!!
Ouch! That really hurt!
You die...

####### #.#.......#.# ......# #.#
.###....##
......####.##.........###########
......##...##########.....##.....
....................#.....##.....
......#....................'.....
..............#######(....##.....
...#...(#...#...<.(........#.####
.#.#....#.#.#.##@..............#
.#.#....#.#.#..u...............#
#.#....#.#.##Z#######.........#
#.##.)...........####.........#
#....[.......##....####.#.....##
###.(<[...#.#.#....# #.#....[..
#..[(...#.#.#....# #.#.##....
##......#.#......# #.#.##....
#........#.#....# #.#.##....


You could see a white ugly thing and a killer bee zombie.

Vanquished Creatures
  Prince Ribbit (D:6)
  Menkaure (D:6)
  An orc warrior (D:7)
  A black bear (D:6)
  A sky beast (D:5)
  A phantom (D:8)
  6 ogres
  3 centaurs
  A big kobold (D:8)
  2 scorpions
  9 wights
  A bullfrog zombie (D:5)
  A centaur zombie (D:6)
  2 orc priests (D:3)
  3 hounds
  2 jellies
  Jessica (D:2)
  4 orc wizards
  4 worker ants
  A hound zombie (D:6)
  A worker ant zombie (D:5)
  Robin (D:2)
  8 adders
  2 white imps (D:7)
  An ufetubus (D:6)
  2 oozes
  An adder skeleton (D:7)
  An adder zombie (D:6)
  4 worms
  A dart slug (D:2)
  6 leopard geckos
  37 orcs
  3 giant cockroaches
  10 goblins
  14 hobgoblins
  6 jackals
  6 kobolds
  4 quokkas
  A ball python (D:1)
  5 bats
  4 frilled lizards
  A leopard gecko skeleton (D:5)
  A quokka skeleton (D:6)
  A quokka zombie (D:8)
  15 rats
182 creatures vanquished.

Vanquished Creatures (others)
  6 plants (D:3)
6 creatures vanquished.

Grand Total: 188 creatures vanquished

Notes
Turn   | Place    | Note
-------+----------+-------------------------------------------
     0 | D:1      | kae the Tengu Transmuter began the quest for the Orb.
     0 | D:1      | Reached XP level 1. HP: 12/12 MP: 4/4
   185 | D:1      | Reached skill level 2 in Transmutations
   388 | D:1      | Reached XP level 2. HP: 16/16 MP: 4/6
  1182 | D:1      | Reached XP level 3. HP: 13/20 MP: 5/7
  1187 | D:1      | Learned a level 3 spell: Spider Form
  1853 | D:2      | Noticed Jessica
  2326 | D:2      | Killed Jessica
  2399 | D:2      | Reached XP level 4. HP: 25/25 MP: 6/8
  2455 | D:2      | Reached skill level 3 in Transmutations
  3044 | D:2      | Noticed Robin
  3062 | D:2      | Killed Robin
  3509 | D:2      | Gained mutation: You can fly continuously. [Tengu growth]
  3509 | D:2      | Reached XP level 5. HP: 23/29 MP: 5/9
  4689 | D:3      | Found a burning altar of Makhleb.
  4689 | D:3      | Found a glowing silver altar of Zin.
  4690 | D:3      | Noticed an angel
  4690 | D:3      | Noticed a cacodemon
  4754 | D:3      | Reached skill level 4 in Transmutations
  4759 | D:3      | Reached XP level 6. HP: 12/34 MP: 6/10
  4767 | D:3      | Gained mutation: You do not regenerate when monsters are
                  | visible. [potion of mutation]
  4767 | D:3      | Gained mutation: You are agile. (Dex +2) [potion of
                  | mutation]
  4781 | D:3      | Reached skill level 5 in Unarmed Combat
  4932 | D:3      | Found a basalt altar of Yredelemnul.
  4979 | D:3      | Found a shimmering blue altar of Sif Muna.
  6373 | D:4      | Found Plog's Distillery.
  6381 | D:4      | Bought a potion of mutation for 80 gold pieces
  6381 | D:4      | Bought a potion of mutation for 80 gold pieces
  6381 | D:4      | Bought a potion of curing for 30 gold pieces
  6705 | D:4      | Reached skill level 5 in Transmutations
  6705 | D:4      | Reached XP level 7. HP: 34/38 MP: 9/11
  7186 | D:5      | Entered Level 5 of the Dungeon
  7265 | D:5      | Found Laschuluff's Jewellery Boutique.
  7690 | D:5      | Bought a cursed -4 ring of slaying for 24 gold pieces
  7690 | D:5      | Bought a cursed -4 ring of protection for 24 gold pieces
  7782 | D:5      | Reached XP level 8. HP: 36/43 MP: 13/13
  7901 | D:5      | Found a staircase to the Ecumenical Temple.
  7907 | D:5      | Found a shimmering altar of Xom.
  7935 | D:5      | Reached skill level 6 in Transmutations
  8126 | D:5      | Found a shimmering altar of Xom.
  8126 | D:5      | Found a shimmering altar of Xom.
  8127 | D:5      | Found a shimmering altar of Xom.
  8325 | Temple   | Entered the Ecumenical Temple
  8834 | D:6      | Found a runed translucent door.
  8842 | D:6      | Noticed kae's ghost (novice TeTm)
  8861 | D:6      | Noticed Prince Ribbit
  8875 | D:6      | Killed Prince Ribbit
  9057 | D:6      | Noticed Menkaure
  9066 | D:6      | Killed Menkaure
  9066 | D:6      | Reached skill level 7 in Transmutations
  9100 | D:6      | Found a stormy altar of Qazlal.
  9354 | D:6      | Reached XP level 9. HP: 39/47 MP: 11/14
  9460 | D:6      | Noticed Sigmund
 10101 | D:6      | Found a bloodstained altar of Trog.
 10517 | D:7      | Reached skill level 8 in Transmutations
 10726 | D:7      | Found an iron altar of Okawaru.
 10847 | D:7      | Found a hazy altar of Hepliaklqana.
 12092 | D:8      | Learned a level 5 spell: Blade Hands
 12105 | D:8      | HP: 1/47 [orc/+0 hand axe (7)]
 12715 | D:8      | Noticed a white ugly thing
 12820 | D:8      | Found an ancient bone altar of Kikubaaqudgha.
 12821 | D:8      | Noticed an oklob plant
 13199 | D:8      | Reached skill level 9 in Transmutations
 13239 | D:8      | Demolished by a white ugly thing

Illustrated notes

Levels and vault maps discovered:
D:1:      tarquinn_simple_flora_water_d, layout_loops_corners,
          minmay_splitting_lines, hangedman_feature_mirror
D:2:      layout_basic, minmay_octomino_c4, uniq_jessica, uniq_robin
D:3:      wad_lake_hut, layout_rooms, grunt_temple_overflow_order_and_chaos_2,
          marbit_many_paths, lemuel_round_altar, serial_forest,
          infiniplex_forest_straight_3, infiniplex_forest_lined_1,
          infiniplex_forest_straight_4, infiniplex_forest_end_1,
          infiniplex_forest_fountain, infiniplex_forest_clump_long
D:4:      kennysheep_spiral_hall, layout_basic, serial_shops,
          nicolae_shop_waterfront, hangedman_abyss_or_decor_lesser_grid,
          minivault_4
D:5:      layout_cave_pools, xom_redecorated,
          minmay_temple_entry_drinking_statues, minmay_shop_enchanted_jewellery
D:6:      layout_loops_corners, nicolae_overflow_crystal_walls,
          lightli_temple_of_fire, ebering_ghost_sewer_d, uniq_prince_ribbit1,
          uniq_sigmund, uniq_menkaure
D:7:      layout_basic, lemuel_doored_altar, basic_altar
D:8:      cheibrodos_histonic, layout_basic, lemuel_oklob_altar
Temple:   eino_temple_water

Skill      XL: |  1  2  3  4  5  6  7  8  9 |
---------------+----------------------------+-----
Transmutations | 2 3 4 5 7 9 |  9.0
Unarmed Combat | 4 5 6 7 8 |  8.7
Spellcasting   | 3 |  3.0
Fighting       | |  1.0
Dodging        | |  2.1

Action                   |  1- 3 |  4- 6 |  7- 9 || total
-------------------------+-------+-------+-------++-------
Melee: Unarmed           |    59 |   191 |   293 ||   543
       Kick              |    11 |    19 |    18 ||    48
       Headbutt          |     6 |    17 |     6 ||    29
       Peck              |     6 |    12 |    11 ||    29
       Punch             |       |     3 |       ||     3
 Cast: Beastly Appendage |    18 |    26 |     8 ||    52
       Spider Form       |     1 |    11 |    42 ||    54
 Abil: Fly               |       |     1 |       ||     1
  Use: Scroll            |       |     8 |       ||     8
       Potion            |       |     5 |     2 ||     7
 Stab: Sleeping          |     1 |       |     3 ||     4
Armor: Robe              |     8 |     8 |     3 ||    19
       Skin              |       |     4 |     3 ||     7
Dodge: Dodged            |    39 |   177 |   297 ||   513

Table legend: (Time is in decaauts)
 A = Elapsed time spent in this place.
 B = Non-inter-level travel time spent in this place.
 C = Inter-level travel time spent in this place.
 D = Time resting spent in this place.
 E = Time spent auto-exploring this place.
 F = Levels seen in this place.
 G = Mean time per level.
                   A        B        C        D        E       F      G
               +--------+--------+--------+--------+--------+-----+--------+
         Total |  12802 |  12452 |    350 |   2912 |   8016 |   9 | 1422.4 |
       Dungeon |  12394 |  12070 |    324 |   2912 |   7634 |   8 | 1549.2 |
        Temple |    407 |    381 |     26 |      0 |    381 |   1 |  407.0 |
               +--------+--------+--------+--------+--------+-----+--------+

Top non-repeatable levels by time:
     D:1: 2255 daAuts
     D:2: 2205 daAuts
     D:6: 2045 daAuts
     D:7: 1567 daAuts
     D:3: 1552 daAuts
     D:4: 1292 daAuts
     D:5: 794 daAuts
     D:8: 681 daAuts
  Temple: 407 daAuts
